 Dungeon Crawl Stone Soup version 0.27-a0-686-gaed091b46b (webtiles) character file.

Game seed: 6454990106008410983

1838 thelaststarmaker the Nimble (level 8, -8/34 HPs)
             Began as a Felid Berserker on Mar 20, 2021.
             Was a High Priest of Trog.
             Mangled by Duvessa
             ... wielding a +0 short sword
              (18 damage)
             ... on level 6 of the Dungeon.
             The game lasted 00:18:32 (7887 turns).

thelaststarmaker the Nimble (Felid Berserker)       Turns: 7887, Time: 00:18:33

Health: -8/34      AC:  2    Str: 13    XL:     8   Next: 87%
Magic:  9/9        EV: 27    Int:  9    God:    Trog [*****.]
Gold:   339        SH:  0    Dex: 17    Spells: 7/7 levels left
                                        Lives:  0   Deaths: 2

rFire    . . .     SeeInvis +     - Unarmed
rCold    . . .     Faith    .   (shield unavailable)
rNeg     + . .     Spirit   .   (armour unavailable)
rPois    .         Reflect  .   (helmet unavailable)
rElec    .         Harm     .   (cloak unavailable)
rCorr    .         Rampage  .   (gloves unavailable)
Will     +++..                  (boots unavailable)
Stlth    +++++.....             k - amulet of the acrobat
HPRegen  1.11/turn              b - ring of positive energy
MPRegen  0.11/turn              (no ring)

@: berserk cooldown, regenerating, slowed, slow
A: very small, claws 1, fangs 3, see invisible, speed 1, shaggy fur 2, stealthy
paws, no weapons or thrown items, no armour, multi-lived
a: Renounce Religion, Berserk, Trog's Hand, Brothers in Arms


You were on level 6 of the Dungeon.
You worshipped Trog.
Trog was extremely pleased with you.
You visited 1 branch of the dungeon, and saw 9 of its levels.
You also visited: Ossuary.

You collected 339 gold pieces.

Inventory:

Jewellery
 b - a ring of positive energy (right paw)
 k - an amulet of the acrobat (around neck)
Wands
 n - a wand of digging (7)
Scrolls
 c - 2 scrolls of identify
 d - a scroll of teleportation {unknown}
 l - a scroll of enchant weapon {unknown}
 m - a scroll of immolation {unknown}
 o - a scroll of noise {unknown}
Potions
 a - 3 potions of lignification
 e - 4 potions of curing
 f - a potion of mutation {unknown}
 g - 5 potions of heal wounds
 h - a potion of attraction {unknown}
 i - a potion of cancellation
 j - a potion of flight {unknown}


   Skills:
 - Level 3.0 Fighting
 * Level 13.7 Dodging
 + Level 9.3 Stealth
 - Level 3.0 Unarmed Combat


You had 7 spell levels left.
You didn't know any spells.
Your spell library was empty.

Dungeon Overview and Level Annotations

Branches:
Dungeon (9/15)             Temple (0/1) D:6         Ossuary (visited)
   Lair: D:8-11         Orc: D:9-12

Altars:
Zin

Shops:
D:6 :

Annotations:
D:6 Duvessa, Menkaure


Innate Abilities, Weirdness & Mutations

You have sharp claws.
You have razor-sharp teeth.
You have supernaturally acute eyesight. (SInv)
You cover ground quickly. (Speed+)
You are covered in thick fur. (AC +2)
Your stealthy paws help you sneak and pounce on unaware monsters.
You are incapable of wielding weapons or throwing items.
You cannot wear armour.
You gain extra lives every three experience levels.


Message History

Duvessa barely misses you.
You barely miss Duvessa.
Duvessa is heavily wounded.
Duvessa barely misses you.
An adder skeleton comes into view.
You claw Duvessa! You bite Duvessa.
Duvessa is severely wounded.
Duvessa completely misses you.
You closely miss Duvessa.
Duvessa is severely wounded.
Duvessa misses you.
You barely miss Duvessa.
Duvessa is severely wounded.
Duvessa hits you with a +0 short sword!
You scratch Duvessa.
Duvessa is severely wounded.
Duvessa barely misses you.
You scratch Duvessa but do no damage.
Duvessa is severely wounded.
You are no longer berserk.
You are exhausted.
You feel yourself slow down. Duvessa misses you.
Your skin crawls.
You feel strong-willed. Duvessa barely misses you.
Duvessa hits you with a +0 short sword.
You scratch Duvessa but do no damage.
Duvessa is severely wounded.
Duvessa completely misses you. Duvessa misses you.
Menkaure, Prince of Dust comes into view.
You scratch Duvessa but do no damage.
Duvessa is severely wounded.
Duvessa misses you.
Duvessa hits you with a +0 short sword!!
Ouch! That really hurt!
* * * LOW HITPOINT WARNING * * *
You scratch Duvessa.
Duvessa is almost dead.
Duvessa hits you with a +0 short sword!!
Ouch! That really hurt!
You die...

..####.####.......##.#
...##[[####.......##.#
...#8.8.8##.......##.#
...#.⌠.⌠.##.......##.#
..[.8.∩.8####........#
..#..⌠.⌠.#############
###.8.8.8........#
##.#...#######.#
#.#...# #@# ####.....#
#e# #........# ..Z.
.......### ......
.......#####........
......>..............
..........##..M......#
..........##.........#
..........#


You could see Duvessa (berserk), Menkaure and an adder skeleton.

Vanquished Creatures
  2 ice beasts (D:8)
  2 ogres
  A phantom (D:6)
  A centaur (D:5)
  3 elf zombies (Ossuary)
  A kobold brigand (D:9)
  4 bullfrogs
  Blork the orc (D:4)
  A scorpion (D:4)
  Dowan (D:6)
  3 wights (D:6)
  A howler monkey (D:4)
  3 centaur zombies
  2 human zombies (Ossuary)
  2 hounds
  2 jellies
  3 orc priests
  A bullfrog skeleton (D:4)
  Terence (D:2)
  Jessica (D:2)
  An iguana (D:6)
  Ijyb (D:5)
  4 orc wizards
  5 worker ants
  A hound skeleton (D:4)
  3 mummies (Ossuary)
  3 gnolls (D:2)
  A howler monkey skeleton (D:6)
  4 adders
  A shadow imp (D:5)
  2 white imps
  An ufetubus (D:8)
  An ooze (D:1)
  5 adder zombies (Ossuary)
  3 worms
  2 dart slugs
  2 leopard geckos
  20 orcs
  5 bats
  7 giant cockroaches
  21 goblins
  7 hobgoblins
  20 jackals
  7 quokkas
  2 ball pythons (D:3)
  A ball python skeleton (D:6)
  5 frilled lizards
  A goblin zombie (Ossuary)
  4 hobgoblin zombies (Ossuary)
  5 jackal zombies (Ossuary)
  15 kobolds
  6 kobold zombies (Ossuary)
  A leopard gecko zombie (D:5)
  3 orc zombies (Ossuary)
  3 quokka zombies (Ossuary)
  6 rats
  2 rat zombies (Ossuary)
217 creatures vanquished.

Notes
Turn   | Place    | Note
-------+----------+-------------------------------------------
     0 | D:1      | thelaststarmaker the Felid Berserker began the quest for
                  | the Orb.
     0 | D:1      | Reached XP level 1. HP: 10/10 MP: 2/2
   319 | D:1      | Reached XP level 2. HP: 14/14 MP: 3/3
   405 | D:1      | Reached skill level 5 in Dodging
  1057 | D:1      | Reached ** piety under Trog
  1058 | D:1      | Reached XP level 3. HP: 17/17 MP: 4/4
  1359 | D:2      | Reached skill level 1 in Stealth
  1479 | D:2      | Reached skill level 6 in Dodging
  1484 | D:2      | Reached XP level 4. HP: 21/21 MP: 5/5
  1574 | D:2      | Noticed Terence
  1580 | D:2      | Killed Terence
  1761 | D:2      | Reached skill level 7 in Dodging
  1791 | D:2      | Noticed Jessica
  1801 | D:2      | Killed Jessica
  1802 | D:2      | Reached XP level 5. HP: 22/24 MP: 6/6
  2244 | D:3      | Reached *** piety under Trog
  2264 | D:3      | Slain by an orc
  2265 | D:3      | Reached XP level 4. HP: -5/21 MP: 5/5
  2577 | D:3      | Noticed an ogre
  2585 | D:3      | Killed an ogre
  2586 | D:3      | Reached skill level 8 in Dodging
  2586 | D:3      | Reached XP level 5. HP: 24/24 MP: 6/6
  3527 | D:4      | Gained mutation: You are covered in thick fur. (AC +2)
                  | [Felid growth]
  3527 | D:4      | Reached XP level 6. HP: 22/28 MP: 7/7
  3616 | D:4      | Noticed Blork the orc
  3624 | D:4      | Killed Blork the orc
  3625 | D:4      | Reached skill level 9 in Dodging
  4147 | D:4      | Reached **** piety under Trog
  4616 | D:4      | Reached XP level 7. HP: 31/31 MP: 8/8
  4619 | D:4      | Reached skill level 5 in Stealth
  4747 | D:5      | Entered Level 5 of the Dungeon
  4747 | D:5      | Noticed Ijyb
  4770 | D:5      | Killed Ijyb
  4771 | D:5      | Reached skill level 10 in Dodging
  4948 | D:5      | Found a glowing silver altar of Zin.
  5643 | D:6      | Found a staircase to the Ecumenical Temple.
  5911 | D:6      | Reached skill level 11 in Dodging
  6069 | D:6      | Found Ruocvatumn's Book Emporium.
  6077 | D:6      | Reached XP level 8. HP: 26/34 MP: 9/9
  6089 | D:6      | Slain by a wight
  6090 | D:6      | Reached XP level 7. HP: -1/28 MP: 8/8
  6149 | D:6      | Noticed Duvessa
  6153 | D:6      | Noticed Dowan
  6167 | D:6      | You fall into a shaft and drop 3 floors!
  6324 | D:8      | Reached skill level 12 in Dodging
  6340 | D:8      | Found a sand-covered staircase.
  6347 | Ossuary  | Entered an ossuary
  6543 | Ossuary  | Reached ***** piety under Trog
  6940 | Ossuary  | Reached XP level 8. HP: 32/34 MP: 9/9
  7416 | D:8      | Reached skill level 13 in Dodging
  7875 | D:6      | Killed Dowan
  7885 | D:6      | Noticed Menkaure
  7887 | D:6      | Mangled by Duvessa

Illustrated notes

Levels and vault maps discovered:
D:1:      roderic_octagonal_star, layout_basic
D:2:      layout_rooms, uniq_terence, uniq_jessica
D:3:      layout_rooms, portal_sewer_entry_d, minmay_ogre_servants
D:4:      layout_loops_ring, uniq_blork_the_orc
D:5:      layout_loops_ring, lemuel_crystal_altar, uniq_ijyb
D:6:      minmay_angry_zag, layout_basic, minmay_temple_entry_wispy,
          serial_shops, nicolae_shop_temple_entry_statues_fountains,
          hangedman_decor_opposing, minmay_joined_circles, uniq_duvessa,
          uniq_menkaure
D:7:      layout_basic, basic_altar
D:8:      layout_loops_ring, enter_bailey_2, chequers_ossuary_entry_cave,
          minmay_lindwurm_lava
D:9:      layout_gridville, serial_shops, shop, shop_statue

Skill      XL: |  1  2  3  4  5  6  7  8 |
---------------+-------------------------+-----
Dodging        | 5 6 8 9 12 13 | 13.7
Stealth        | 1 3 4 8 9 |  9.3
Fighting       | |  3.0
Unarmed Combat | |  3.0

Action                   |  1- 3 |  4- 6 |  7- 9 || total
-------------------------+-------+-------+-------++-------
Melee: Unarmed           |    94 |   219 |   476 ||   789
       Bite              |     6 |    28 |    80 ||   114
       Punch             |     2 |     8 |     4 ||    14
Invok: Berserk           |     3 |    11 |    14 ||    28
       Trog's Hand       |       |     4 |     7 ||    11
  Use: Scroll            |       |     2 |     7 ||     9
       Potion            |       |       |     2 ||     2
 Stab: Sleeping          |     3 |     9 |    17 ||    29
Armor: Skin              |     6 |     7 |    21 ||    34
Dodge: Dodged            |    85 |   179 |   476 ||   740

Table legend: (Time is in decaauts)
 A = Elapsed time spent in this place.
 B = Non-inter-level travel time spent in this place.
 C = Inter-level travel time spent in this place.
 D = Time resting spent in this place.
 E = Time spent auto-exploring this place.
 F = Levels seen in this place.
 G = Mean time per level.
                   A        B        C        D        E       F      G
               +--------+--------+--------+--------+--------+-----+--------+
         Total |   7369 |   7308 |     61 |   1819 |   3784 |  10 |  736.9 |
       Dungeon |   6406 |   6345 |     61 |   1335 |   3784 |   9 |  711.8 |
       Ossuary |    962 |    962 |      0 |    483 |      0 |   1 |  962.0 |
               +--------+--------+--------+--------+--------+-----+--------+

Top non-repeatable levels by time:
     D:3: 1483 daAuts
     D:1: 1214 daAuts
     D:4: 1160 daAuts
 Ossuary: 962 daAuts
     D:6: 780 daAuts
     D:5: 750 daAuts
     D:2: 640 daAuts
     D:8: 223 daAuts
     D:9: 117 daAuts
     D:7: 35 daAuts
